[Event "Saint Louis Super Swiss 2023"]
[Site "Saint Louis"]
[Date "2023.03.12"]
[Round "2.10"]
[White "Cervantes Landeiro, Thalia"]
[Black "Durarbayli, Vasif"]
[Result "1/2-1/2"]
[ECO "A73"]
[WhiteElo "2253"]
[BlackElo "2635"]
[Annotator "TA"]
[PlyCount "101"]
[EventDate "2023.03.12"]
[EventType "swiss"]
[EventCountry "USA"]
[SourceTitle "playchess.com"]
[Source "ChessBase"]
[SourceQuality "1"]
[TimeControl "5400+30"]

1. d4 Nf6 2. c4 e6 3. Nf3 c5 4. d5 d6 5. Nc3 exd5 6. cxd5 g6 7. Nd2 Bg7 8. e4 O-O 9. Be2 Na6 10. O-O Nc7 11. a4 Re8 {[%emt 0:00:15] A73: Modern Benoni: Classical: Unusual Black 9th moves.} 12. Re1 a6 13. Qc2 Rb8 14. a5 $1 Bd7 15. Nc4 Bb5 16. Bg5 h6 {[%emt 0:03:26] [#]} 17. Bf4 $146 ({Predecessor:} 17. Bh4 g5 18. Bg3 Bxc4 19. Bxc4 Nh5 20. Qd3 Nf4 21. Qf3 Be5 22. Ra3 b5 23. axb6 Rxb6 {0-1 Goettelmann,G (2007)-Marholev,D (2356) Avoine op 27th 2012 (3)}) 17... Bxc4 18. Bxc4 Nh5 19. Be3 b5 20. axb6 Rxb6 21. Be2 (21. Qd2 {looks sharper.} Rb4 22. b3 Nb5 23. Na2) 21... Nf6 22. Rab1 Qe7 23. Bf4 Rb4 24. Bd3 Ng4 (24... Nfxd5 $2 25. Nxd5 Nxd5 26. Bd2 $16) 25. h3 Ne5 26. Bf1 Reb8 27. b3 R4b7 28. Be3 Kh7 (28... Nd7 $11) 29. f4 $16 Nd7 30. Bd3 (30. e5 $1 $16) 30... Nb5 $11 31. Nxb5 axb5 {[%emt 0:00:05] [#]} 32. e5 $1 dxe5 33. f5 Qd6 34. fxg6+ fxg6 35. Rf1 Rc7 {[%emt 0:03:07] Black is weak on the light squares} 36. Be4 (36. Rf7 {feels hotter.} c4 37. bxc4 bxc4 38. Be4) 36... Rf8 37. h4 c4 38. h5 Nf6 39. Bxg6+ (39. hxg6+ Kh8 40. Rbc1 Nxe4 41. Rxf8+ Bxf8 $15) 39... Kh8 40. bxc4 Rxc4 41. Qd2 Nxd5 $2 (41... Ng4 $11 {and Black has nothing to worry.} 42. Rxf8+ (42. Rxb5 $2 e4 $19) 42... Bxf8) 42. Bf7 $1 $18 {[%emt 0:03:26] A strong pair of Bishops.} (42. Rxb5 Rxf1+ 43. Kxf1 Nxe3+ 44. Qxe3 Rf4+ 45. Kg1 e4 $11) ({Don't play} 42. Bxh6 $6 Qc5+ 43. Kh2 Rg4 $16) 42... Rd8 $2 (42... Rd4 $16 43. Bxd4 exd4) 43. Rbd1 $2 (43. Rxb5 $18 Nxe3 44. Qxd6 {[%mdl 64] Deflection} (44. Qxe3 Rf4 $11) 44... Rxd6 45. Rb8+ Bf8 46. Bxc4 Nxf1 47. Rxf8+ Kh7 48. Rf7+ Kh8 49. Kxf1) 43... Rd4 $16 44. Bxd4 exd4 45. Bxd5 Qxd5 {[%emt 0:00:02] [#]} 46. Qd3 $1 Qxh5 47. Rf5 Qg4 48. Rxb5 Rg8 49. Rb7 Rf8 {[%emt 0:01:35] [#]} 50. Rxg7 $2 Qxg7 51. Qxd4 {[%emt 0:00:08] Weighted Error Value: White=0.25 (precise) /Black=0.27 (precise)} 1/2-1/2

[Event "Saint Louis Super Swiss 2023"]
[Site "Saint Louis"]
[Date "2023.03.13"]
[Round "3.1"]
[White "Nyzhnyk, Illya"]
[Black "Escalante Ramirez, Brian Sebasti"]
[Result "1/2-1/2"]
[ECO "E81"]
[WhiteElo "2654"]
[BlackElo "2474"]
[Annotator "TA"]
[PlyCount "118"]
[EventDate "2023.03.12"]
[EventType "swiss"]
[EventCountry "USA"]
[SourceTitle "playchess.com"]
[Source "ChessBase"]
[SourceQuality "1"]
[TimeControl "5400+30"]

1. d4 Nf6 2. c4 g6 3. f3 Bg7 4. e4 d6 5. Nc3 O-O 6. Bg5 h6 7. Be3 c5 $1 {[%emt 0:00:03][%mdl 4] is more profitable than 7...e5 at the moment.} 8. dxc5 {[%emt 0:04:07] E81: King's Indian: Sämisch: 6th move deviations (including 6 Be3 c6).} dxc5 9. Qxd8 Rxd8 10. Bxc5 Nc6 11. Nge2 Nd7 (11... b6 $5 12. Ba3 Bb7 $11) 12. Ba3 Nde5 13. Nf4 {[%emt 0:01:05] [#] Prevents Nd3+} g5 $146 ({Predecessor:} 13... Nd4 14. Rc1 e6 15. Nb5 Nec6 16. Be2 h5 17. Nh3 Bh6 18. f4 e5 19. Nxd4 Rxd4 {0-1 Zabron,M (1932)-Koziak,V (2434) Katowice POL-HUN rapid 8th 2020 (5.9)}) 14. Nfd5 e6 15. Nc7 Rb8 16. N7b5 b6 $1 17. Rd1 Ba6 18. Be2 Bxb5 19. Nxb5 a6 20. Nc7 Rxd1+ 21. Kxd1 Rd8+ 22. Kc1 $1 Nd4 23. Bf1 Rc8 24. Bd6 a5 25. c5 bxc5 26. Ba6 {[%emt 0:00:05] Prevents c4} Rb8 {[%emt 0:01:07] ...Rb6 would be deadly.} 27. Bxc5 {[%emt 0:04:55] This pair of bishops is nice.} Nec6 28. Bf1 $1 Rc8 29. Na6 Nxf3 30. gxf3 {[%emt 0:01:09] aiming for Kb1.} Nb4 31. Kb1 Nxa6 32. Bd6 (32. Be3 $5 Nc5 33. Bb5 $14) 32... Nb4 33. e5 (33. h4 $11) 33... Bf8 ({Better is} 33... Nc6 $1 $15) 34. Bb5 $11 Bxd6 35. exd6 {[%emt 0:00:03][%mdl 4096] Endgame KRB-KRN} Rd8 36. d7 Nd5 37. h4 gxh4 38. Rxh4 Kg7 (38... Nb6 {simplifies} 39. Rxh6 Nxd7 40. Rh5 Nb6) 39. Ra4 Nf6 40. Bc6 Kg6 ({Weaker is} 40... Nxd7 41. Rd4 $16 (41. Rxa5 Kf6 $11)) 41. f4 (41. Rxa5 {simplifies} Nxd7 42. a4 Nb8 43. Bb7) 41... h5 (41... Kf5 $1 $11) 42. Rxa5 $16 Nxd7 {[%emt 0:00:06] [#]} 43. f5+ $1 Kh6 (43... exf5 $2 44. Rd5 h4 45. a4 $18) 44. fxe6 fxe6 45. Ra8 {[%emt 0:02:06] White is more active.} ({White should try} 45. a4 $16) 45... Rxa8 $11 {[%emt 0:00:53] The position is equal.} 46. Bxa8 {[%emt 0:00:02] KB-KN} Nb6 47. Bh1 Kg5 48. b3 Kf4 49. a4 e5 50. a5 Nc8 51. b4 Na7 {[%emt 0:00:03] Wards off b5} 52. Bg2 h4 {[%emt 0:01:36] And now ...e4 would win.} 53. Bf1 e4 ({Don't play} 53... Nc6 54. a6 Na7 55. Kc2 $14) 54. Kc2 Kg3 55. b5 $1 {[%emt 0:00:29] Threatens to win with b6.} Nxb5 {[%emt 0:01:44][%mdl 64] [#] Deflection} 56. Bxb5 {[%emt 0:00:02] Hoping for Bf1.} h3 57. a6 (57. Bc6 $5 e3 $8 58. a6 $11 (58. Kd3 Kf2 $11)) 57... h2 58. a7 h1=Q {[%emt 0:00:07] ( -> ...e3)} 59. a8=Q Qf3 {[%emt 0:00:36] Weighted Error Value: White=0.08 (flawless) /Black=0.08 (flawless)} 1/2-1/2

[Event "Saint Louis Super Swiss 2023"]
[Site "Saint Louis"]
[Date "2023.03.13"]
[Round "3.2"]
[White "Theodorou, Nikolas"]
[Black "Swiercz, Dariusz"]
[Result "1-0"]
[ECO "C77"]
[WhiteElo "2584"]
[BlackElo "2646"]
[Annotator "TA"]
[PlyCount "165"]
[EventDate "2023.03.12"]
[EventType "swiss"]
[EventCountry "USA"]
[SourceTitle "playchess.com"]
[Source "ChessBase"]
[SourceQuality "1"]
[TimeControl "5400+30"]

1. e4 e5 2. Nf3 Nc6 3. Bb5 a6 4. Ba4 Nf6 5. d3 d6 6. c3 g6 7. O-O Bg7 8. h3 {[%emt 0:00:47] C77: Ruy Lopez: 3...a6 4 Ba4 Nf6, unusual lines.} O-O 9. Be3 b5 10. Bc2 {[%emt 0:01:15] The position is equal.} Re8 11. Nbd2 Bb7 12. a4 Qd7 13. b4 {[%emt 0:07:36] [#]} Nd8 $146 ({Predecessor:} 13... h6 14. Re1 Rad8 15. Qb1 g5 16. Nf1 Nh5 17. d4 exd4 18. Nxd4 Nxd4 19. Bxd4 Bxd4 20. cxd4 {0-1 Deng,T (2105)-Xu,Y (2456) Asian Continental op 16th 2017 (5)}) 14. Re1 (14. Nb3 {is more complex.} Ne6 15. Ng5 Nf4 16. Na5) 14... Rb8 15. axb5 axb5 16. Ra7 Nc6 17. Ra3 Ra8 18. Rxa8 Bxa8 19. Qb1 Bb7 20. d4 Nh5 21. Bd3 (21. d5 Ne7 $11) 21... Nd8 22. Bf1 Ne6 23. Qd3 exd4 24. cxd4 (24. Nxd4 {feels hotter.} Nxd4 25. cxd4 f5 26. exf5 Nf4 27. Qxb5 Qxb5 28. Bxb5 Nxg2 29. Bxe8 Nxe1 30. fxg6 Kf8 31. Bf7) 24... c6 25. Qb1 (25. Nb3 $16) 25... Nf6 ({Better is} 25... d5 $11) 26. Bd3 Qe7 27. Nb3 (27. Ng5 $5) 27... d5 $1 28. e5 Nd7 29. Nc5 Ndxc5 30. bxc5 Ra8 31. h4 Bc8 {[%emt 0:02:52] [#]} 32. h5 $1 Qa7 33. Nh2 Qe7 34. h6 Bf8 35. Ng4 Kh8 36. Nf6 Qd8 37. Qb2 Be7 38. Ra1 Bb7 39. Rxa8 Qxa8 40. f4 {[%emt 0:01:00] f5 would be deadly.} Bxf6 41. exf6 Qe8 {[%emt 0:00:06] Black is weak on the dark squares} (41... Nf8 $11) 42. Kf2 (42. Qf2 $1 $16) 42... Nf8 43. g4 Bc8 (43... Nd7 $11 {and Black has nothing to worry.}) 44. f5 $18 Kg8 45. Bf4 Nd7 (45... Qd8 $16 {was necessary.}) 46. Bg5 Nf8 47. Qa3 Bd7 (47... Bb7 {keeps fighting.} 48. Qc1 Nd7) 48. Qa2 $2 (48. Qc1 $1 $18) 48... Qc8 $14 49. Qb1 Qb8 {[%emt 0:00:22] Inhibits Bf4.} 50. Kg2 {[%emt 0:00:09] Dodges Qh2+} Qe8 (50... b4 $11 {keeps the balance.}) 51. Bf4 $16 Bc8 (51... Qd8 $16) 52. Kf3 (52. Qc1 $18 {is more deadly.}) 52... Nd7 {[%emt 0:00:32] [#]} (52... Qd8 $16 {might work better.}) 53. Bg5 $1 $18 (53. g5 Nf8 $15) 53... Nf8 54. Qb4 (54. Kf2 $18) 54... Bd7 $16 55. Bf4 Qd8 56. Be5 {[%emt 0:00:33] aiming for Qa3.} Be8 $2 (56... Qa8 $16) 57. Qe1 Bd7 58. Bc2 Qe8 59. Kf4 Bc8 60. Qa5 Bd7 61. Bd3 Bc8 62. Qa7 {[%emt 0:00:42] Black must now prevent Qe7.} Qd7 63. Qb8 Qd8 64. Qa8 {[%emt 0:00:36] Repels Qa5} Qe8 65. Kg5 Bd7 66. Qb7 (66. Qxe8 $6 Bxe8 67. Bd6 Nd7 $18) 66... Qd8 {[%emt 0:00:27] Threatens to win with ...Qa5.} 67. Qa7 {[%emt 0:00:20] Repels Qa5. Strongly threatening Bd6.} Qc8 $2 (67... Qe8 68. Qa5 Bc8) 68. Bd6 $18 {[%emt 0:00:25] Hoping for Bxf8.} Qd8 (68... Qe8 $142) 69. Be7 {[%emt 0:00:30] Active counter play!} Qc8 (69... Qe8 $142 70. Qb7 Bc8) 70. Bxf8 Kxf8 71. fxg6 {[%emt 0:00:09] KQB-KQB. White mates.} Qe8 72. g7+ (72. gxh7 Qe3+ 73. Kh4 Qe1+ 74. Kh3 (74. Kh5 Qh1+ 75. Kg5 Qc1+ 76. Kh5 Qh1+ 77. Kg5 Qc1+ 78. Kh5 Qh1+ $11) 74... Qh1+ 75. Kg3 Qg1+ 76. Kh3 Qh1+ 77. Kg3 Qg1+ 78. Kh3 Qh1+ $11) 72... Kg8 73. Kf4 Qe1 74. Qb8+ ({Weaker is} 74. Qxd7 Qf2+ 75. Ke5 (75. Kg5 Qd2+ 76. Kh5 Qh2+ 77. Kg5 Qd2+ 78. Kf5 Qxd3+ 79. Kf4 Qxd4+ 80. Kg3 Qe5+ 81. Kg2 Qe4+ 82. Kh2 Qe5+ 83. Kh1 Qe4+ 84. Kg1 Qe1+ 85. Kh2 Qe5+ 86. Kh3 Qe3+ 87. Kg2 Qe4+ 88. Kh3 Qe3+ 89. Kg2 Qe4+ $11) 75... Qg3+ 76. Kf5 Qxd3+ 77. Kf4 (77. Ke5 Qg3+ 78. Kf5 Qd3+ 79. Kf4 Qxd4+ 80. Kg3 Qe5+ 81. Kh3 Qe3+ 82. Kg2 Qe4+ 83. Kh3 Qe3+ 84. Kg2 Qe4+ 85. Kh3 Qe3+ $11) 77... Qxd4+ 78. Kg3 Qe5+ 79. Kh3 Qe3+ 80. Kg2 Qe4+ 81. Kh3 Qe3+ 82. Kg2 Qe4+ 83. Kh3 Qe3+ $11) 74... Be8 75. Kf3 Qh1+ {[%emt 0:00:46] [#]} 76. Kf2 $1 Qh4+ 77. Ke2 Qxg4+ 78. Kd2 Qg2+ 79. Kc3 b4+ 80. Kb3 Qe2 81. Bxh7+ {[%emt 0:00:15][%mdl 64] Promotion} Kxh7 82. g8=Q+ $1 {[%emt 0:00:04][%mdl 64] Decoy} (82. Qxb4 $2 {perishes.} Qf3+ 83. Qc3 Qxf6 $19) 82... Kxg8 83. Qg3+ {[%emt 0:00:03] Artfully played by Theodorou.   Weighted Error Value: White=0.17 (very precise) /Black=0.24 (precise)} 1-0

[Event "Saint Louis Super Swiss 2023"]
[Site "Saint Louis"]
[Date "2023.03.13"]
[Round "3.3"]
[White "Corrales Jimenez, Fidel"]
[Black "Hakobyan, Aram"]
[Result "1-0"]
[ECO "E20"]
[WhiteElo "2489"]
[BlackElo "2620"]
[Annotator "TA"]
[PlyCount "49"]
[EventDate "2023.03.12"]
[EventType "swiss"]
[EventCountry "USA"]
[SourceTitle "playchess.com"]
[Source "ChessBase"]
[SourceQuality "1"]
[TimeControl "5400+30"]

1. d4 Nf6 2. c4 e6 3. Nc3 Bb4 4. f3 d5 5. a3 Bxc3+ 6. bxc3 {[%emt 0:00:04][%cal Oe2e4] E20: Nimzo-Indian: 4 g3 and 4 f3.} dxc4 7. e4 b5 8. a4 {[%emt 0:01:29][%mdl 1024] White has compensation. White has an edge.} c6 9. Ba3 Nfd7 {[%emt 0:00:02] [#]} 10. f4 $146 ({Predecessor:} 10. Be2 Nb6 11. axb5 cxb5 12. Rb1 a6 13. Qd2 Nc6 14. Bd1 b4 15. Bxb4 Nxb4 16. Rxb4 {½-½ Schmalz,P (2388)-Fremmegaard,J (2337) EU-ch 2020 sf02 email}) 10... a6 11. Nf3 c5 12. dxc5 Bb7 13. Qd6 (13. Be2 $11) 13... Nf6 $1 $15 14. Nd4 {[%emt 0:08:55] [#]} ({White should play} 14. axb5 $15 Qxd6 15. cxd6 axb5 16. Nd4) 14... Nc6 $1 15. Qxd8+ (15. Nxb5 axb5) 15... Rxd8 (15... Kxd8 $17 16. Nxb5 axb5 17. axb5 Kc7 18. bxc6 Bxc6 19. Bxc4 Ra4) 16. Nxb5 $1 $11 axb5 17. axb5 Nxe4 18. bxc6 Bxc6 19. Bb4 O-O 20. Bxc4 Rd2 21. Be2 Rb2 22. Bf3 Bb5 $2 {[%emt 0:16:57][%mdl 8192] [#]} 23. O-O-O $18 ({Not} 23. Bxe4 Re2+ 24. Kd1 Rxe4 $11) 23... Rxb4 24. cxb4 Nf2 25. Kb2 {[%emt 0:01:04] Weighted Error Value: White=0.15 (very precise) /Black=0.42} 1-0

[Event "Saint Louis Super Swiss 2023"]
[Site "Saint Louis"]
[Date "2023.03.13"]
[Round "3.4"]
[White "Dudin, Gleb"]
[Black "Quesada Perez, Yasser"]
[Result "1/2-1/2"]
[ECO "E11"]
[WhiteElo "2469"]
[BlackElo "2604"]
[Annotator "TA"]
[PlyCount "158"]
[EventDate "2023.03.12"]
[EventType "swiss"]
[EventCountry "USA"]
[SourceTitle "playchess.com"]
[Source "ChessBase"]
[SourceQuality "1"]
[TimeControl "5400+30"]

1. d4 Nf6 2. c4 e6 3. Nf3 Bb4+ 4. Bd2 c5 5. Bxb4 cxb4 6. e3 b6 7. Bd3 Bb7 8. O-O O-O 9. Nbd2 d6 10. Re1 {[%emt 0:02:26] E11: Bogo-Indian.} Re8 11. e4 e5 12. Nf1 {[%emt 0:00:10] White is slightly better.} Nc6 13. Bc2 {[%emt 0:04:08] [#]} Rc8 $146 ({Predecessor:} 13... Qc7 14. Ng3 Ne7 15. Rc1 Rac8 16. Ba4 Red8 17. Nh4 Ng6 18. Nxg6 hxg6 19. Qd2 a5 {0-1 Moradiabadi,E (2502)-Melkumyan,H (2379) IRI-chT Iran 2005 (5)}) 14. Ba4 exd4 15. Ng3 d3 16. Qxd3 Ne5 17. Nxe5 dxe5 18. Qb3 Re6 (18... Bc6 $1 $14) 19. Qxb4 $16 a5 20. Qa3 g6 21. Rad1 {[%emt 0:07:12] Repels Rd6} Qc7 22. Qd3 h5 (22... Qxc4 $2 23. Qxc4 Rxc4 24. Bb3 $18) 23. b3 Qc5 24. Nf1 h4 (24... b5 $2 25. Bxb5 Rb8 26. Rd2 $18) 25. h3 Kg7 26. Nh2 Rh8 27. Ng4 Nxg4 {[%emt 0:04:17][%mdl 64] Remove Defender} 28. hxg4 h3 29. Qe3 Qa3 ({Black should play} 29... Qxe3 30. Rxe3 hxg2 31. Kxg2 g5) 30. Bd7 ({White should try} 30. gxh3 Rd6 31. Rxd6 Qxd6 32. Bb5) 30... h2+ (30... Rd6 $16) 31. Kh1 $18 Rd6 32. g5 Rd8 {[%emt 0:02:20] [#]} 33. Rxd6 Qxd6 34. Bg4 Qd2 35. a3 (35. Kxh2 Qxe3 36. Rxe3 Rd2 $16) 35... Rd3 36. Qxd2 (36. Qxb6 $2 Qxe1+ 37. Kxh2 Qxe4 38. Qf6+ Kg8 $19) 36... Rxd2 $16 {[%emt 0:00:04][%mdl 4096] Endgame KRB-KRB} 37. f3 (37. Kxh2 $6 Rxf2 38. Re3 Ra2 $11) 37... Rd3 38. Rb1 Kf8 39. a4 Bc6 40. b4 (40. Kxh2 Ke7 $14) 40... Bxa4 41. bxa5 ({Much weaker is} 41. Kxh2 $6 Bb3 $11) 41... bxa5 {[#] And now ...Rd1+ would win.} 42. Rb8+ ({Weaker is} 42. Kxh2 Bb3 43. c5 Ke7 $15) (42. Rb7 $1 $16 ) 42... Be8 $1 $11 {[%emt 0:00:01] The position is equal.} 43. Ra8 a4 44. c5 Ke7 {[%emt 0:00:22] Against c6} 45. Ra7+ Kd8 46. Kxh2 Rc3 47. Ra8+ Ke7 48. Ra5 a3 49. Bc8 Bc6 50. Ra7+ Kf8 51. Bg4 Bb5 52. Ra5 Bc6 53. Kg1 Rc1+ 54. Kf2 Rc2+ 55. Ke3 a2 (55... Rxg2 {simplifies} 56. Bh3 Rc2 57. Rxa3 Rxc5 58. Bg4 Ke8) 56. Kd3 $1 Rxg2 57. Kc3 Bxe4 {[%emt 0:00:38][%mdl 64] Deflection} 58. fxe4 {[%emt 0:00:24][%cal Oc5c6] c6! is the strong threat.} Rxg4 {[%emt 0:00:03] KR-KR} 59. c6 {[%emt 0:00:38] c7 would kill now.} Rg1 60. Rxa2 {[%emt 0:00:29] White threatens c7 and mate.} Rc1+ 61. Kd3 (61. Rc2 Rxc2+ 62. Kxc2 Ke7 $19) 61... Rxc6 62. Ra5 Re6 63. Kc4 f5 64. gxf6 Kf7 65. Kd5 Kxf6 66. Ra1 Re8 {[%emt 0:01:27] Strongly threatening ...Rd8+.} 67. Rf1+ Kg7 68. Rg1 Re7 69. Kd6 Re8 70. Kd5 Kf6 {[%emt 0:01:26] ...Rd8+ would be deadly.} 71. Rf1+ Kg5 72. Rg1+ Kf4 {[%emt 0:01:09] White must now prevent ...Rd8+.} 73. Rf1+ Ke3 74. Rg1 Ra8 {[%emt 0:00:52] aiming for ...Ra5+.} 75. Kxe5 Ra5+ 76. Kf6 Kxe4 77. Rxg6 Ra6+ 78. Kg7 Rxg6+ 79. Kxg6 Ke5 {[%emt 0:00:21] Black defended with fortune.   Weighted Error Value: White=0.08 (flawless) /Black=0.08 (flawless)} 1/2-1/2

[Event "Saint Louis Super Swiss 2023"]
[Site "Saint Louis"]
[Date "2023.03.13"]
[Round "3.5"]
[White "Akobian, Varuzhan"]
[Black "Daggupati, Balaji"]
[Result "1/2-1/2"]
[ECO "D14"]
[WhiteElo "2591"]
[BlackElo "2513"]
[Annotator "TA"]
[PlyCount "56"]
[EventDate "2023.03.12"]
[EventType "swiss"]
[EventCountry "USA"]
[SourceTitle "playchess.com"]
[Source "ChessBase"]
[SourceQuality "1"]
[TimeControl "5400+30"]

1. d4 d5 2. c4 c6 3. cxd5 cxd5 4. Nc3 Nf6 5. Nf3 Nc6 6. Bf4 Bf5 7. Qb3 Na5 8. Qa4+ Bd7 9. Qc2 e6 {[%emt 0:00:56] D14: Slav Defence: Exchange variation with ...Bf5.} 10. e3 Rc8 11. Bd3 {[%emt 0:01:02] Repels Ne4} Bb4 12. O-O Nh5 13. Bg5 ({Reject} 13. Bxh7 Nxf4 14. exf4 Qf6 $15) 13... f6 {[%emt 0:00:23] [#]} 14. Bxh7 $1 {[%emt 0:16:08] Hoping for Ne5.} Bxc3 (14... Nc4 15. Bh4) 15. bxc3 {[%emt 0:01:42] Strongly threatening Ne5.} fxg5 16. Qg6+ Kf8 {[%emt 0:00:12] Threatens to win with ...Nf6.} 17. Qxh5 Be8 18. Qg4 Rxh7 19. Nxg5 ({Inferior is} 19. Qxe6 Qd7 20. Nxg5 Qxe6 21. Nxe6+ Ke7 $17) 19... Rh6 {[%emt 0:00:05] [#] And now ...Qd6 would win.} 20. Nxe6+ {[%emt 0:00:25] The position is equal.} Rxe6 21. Qxe6 Nc4 22. Qf5+ {[%emt 0:12:29] [#] An uneventful encounter.   Weighted Error Value: White=0.00 (flawless) /Black=0.04 (flawless)} {Predecessor:} Bf7 $146 23. Rfe1 Nd6 24. Qf4 Ne4 25. f3 Nxc3 26. Kh1 Kg8 27. g4 b5 28. Kg2 b4 {½-½ Mis,M (2389)-Nasuta,G (2546) Bialystok Zamenhof Memorial 41st 2022 (7)} 1/2-1/2

[Event "Saint Louis Super Swiss 2023"]
[Site "Saint Louis"]
[Date "2023.03.13"]
[Round "3.6"]
[White "Moradiabadi, Elshan"]
[Black "Yoo, Christopher Woojin"]
[Result "1/2-1/2"]
[ECO "E11"]
[WhiteElo "2507"]
[BlackElo "2591"]
[Annotator "TA"]
[PlyCount "65"]
[EventDate "2023.03.12"]
[EventType "swiss"]
[EventCountry "USA"]
[SourceTitle "playchess.com"]
[Source "ChessBase"]
[SourceQuality "1"]
[TimeControl "5400+30"]

1. d4 Nf6 2. Nf3 d5 3. c4 e6 4. g3 Bb4+ 5. Bd2 a5 6. Bg2 O-O {[%emt 0:00:43] 6...0-0 scores better than 6...dxc4.} 7. Qc1 {[%emt 0:01:44] E11: Bogo-Indian.} Be7 8. O-O Nbd7 9. Rd1 c6 10. Bf4 b6 11. Ne5 Bb7 12. cxd5 cxd5 13. Nc6 Bxc6 14. Qxc6 Rc8 15. Qb5 {[%emt 0:01:50] [#]} Ne8 $146 ({Predecessor:} 15... Nh5 16. Bd2 Nhf6 17. Nc3 Ne8 18. Qd3 Nd6 19. b3 f5 20. Rac1 Nf6 21. Nb5 Qd7 22. Nxd6 {½-½ Gelfand,B (2663)-Cheparinov,I (2664) Wch Blitz Warsaw 2021 (21)}) 16. Nc3 Bd6 17. Bd2 Bb4 18. Qd3 Nd6 19. Nb5 Nc4 20. Bc1 Nf6 21. b3 (21. a3 $5 Be7 22. b3 $11) 21... Qd7 22. a3 ({Of course not} 22. bxc4 dxc4 23. Qc2 Qxb5 $15) 22... Qxb5 23. axb4 Nd6 24. bxa5 bxa5 25. Bf4 Qxd3 26. Rxd3 Nb7 27. Bd2 Rc2 28. Bf1 Ne4 29. Be1 Rfc8 (29... Rb2 $11 {might be stronger.}) 30. f3 Ned6 {[%emt 0:01:43] The position is equal.} 31. Bxa5 Nxa5 32. Rxa5 Rb8 33. Rc5 {[%emt 0:04:01] Weighted Error Value: White=0.06 (flawless) /Black=0.06 (flawless)} 1/2-1/2

[Event "Saint Louis Super Swiss 2023"]
[Site "Saint Louis"]
[Date "2023.03.13"]
[Round "3.8"]
[White "Marjanovic, Annamaria"]
[Black "Boros, Denes"]
[Result "1/2-1/2"]
[ECO "A25"]
[WhiteElo "2264"]
[BlackElo "2406"]
[Annotator "TA"]
[PlyCount "75"]
[EventDate "2023.03.12"]
[EventType "swiss"]
[EventCountry "USA"]
[SourceTitle "playchess.com"]
[Source "ChessBase"]
[SourceQuality "1"]
[TimeControl "5400+30"]

1. c4 e5 2. g3 Bc5 3. Bg2 Nc6 4. Nc3 Nf6 5. e3 d5 6. Nxd5 Nxd5 {[%emt 0:00:16] A25: English Opening vs King's Indian with ...Nc6 but without early d3.} 7. cxd5 Nb4 8. d3 Nxd5 9. Nf3 Qe7 10. O-O O-O 11. a3 a5 {[%emt 0:12:30] [#]} 12. Qb3 $146 ({Predecessor:} 12. Qc2 Bd6 13. b3 c6 14. Bb2 Bg4 15. Nd2 Rad8 16. Rfe1 Rfe8 17. Nc4 Bc7 18. Rac1 {0-1 Ghaem Maghami,E (2585)-Adhiban,B (2483) Pardubice op rap 21st rapid 2010 (5)}) 12... c6 13. d4 exd4 14. exd4 {[%emt 0:00:15] [#] Re1 is the strong threat.} Bb6 15. Re1 Qf6 16. Bg5 Qg6 17. Be3 ({White should try} 17. Ne5 $11 Qxg5 18. Bxd5 Bxd4 19. Bxf7+ Kh8 20. Nf3 Bxf2+ 21. Kxf2) 17... a4 $15 18. Qd1 Nxe3 19. fxe3 Be6 20. Ne5 Qg5 21. Qd3 Rad8 22. Qc3 Bc7 23. Nf3 Qh5 24. Rec1 Rfe8 25. Qb4 (25. Rc2 $17) 25... Bd5 $19 26. Rf1 (26. Nh4 $17 {was worth a try.}) 26... Rxe3 27. Qxb7 {[%emt 0:00:52] White is weak on the light squares} (27. Rae1 $142 Rxe1 28. Rxe1) 27... Bxg3 ({Stronger than} 27... Bxf3 28. Qxc7 Rf8 29. Bxf3 Rxf3 30. Qxc6 $11) 28. hxg3 Bxf3 $2 ({Better is} 28... Rf8 $19 29. Rae1 Rxf3 30. Rxf3 Bxf3) 29. Rxf3 $11 {[%emt 0:02:20] The position is equal.} Rxf3 30. Qe7 $1 {[%emt 0:00:27][%cal Re7d8] The board is on fire.} Rb8 (30... Rxd4 $2 31. Qe8#) 31. Qe2 $1 {[%emt 0:01:20][%mdl 64] [#] Pin} Rxa3 {[%emt 0:06:40][%mdl 64] Discovered Attack} 32. Qxh5 Rxa1+ 33. Kh2 {[%emt 0:00:37] Threatens to win with Qe5.} Rxb2 34. Qe5 g6 35. Qe8+ Kg7 {[%emt 0:00:02] ...h5 would be deadly.} 36. Qe5+ Kg8 {[%emt 0:00:08] Strongly threatening ...h5.} 37. Qe8+ Kg7 {[%emt 0:00:05] aiming for ...h5.} 38. Qe5+ {[%emt 0:00:19] Weighted Error Value: White=0.14 (very precise) /Black=0.18 (very precise)} 1/2-1/2

[Event "Saint Louis Super Swiss 2023"]
[Site "Saint Louis"]
[Date "2023.03.13"]
[Round "3.9"]
[White "Grabinsky, Aaron"]
[Black "Cervantes Landeiro, Thalia"]
[Result "1-0"]
[ECO "B50"]
[WhiteElo "2405"]
[BlackElo "2253"]
[Annotator "TA"]
[PlyCount "23"]
[EventDate "2023.03.12"]
[EventType "swiss"]
[EventCountry "USA"]
[SourceTitle "playchess.com"]
[Source "ChessBase"]
[SourceQuality "1"]
[TimeControl "5400+30"]

1. e4 c5 2. Nf3 d6 3. Nc3 a6 4. d4 cxd4 5. Qxd4 Nc6 {[%emt 0:00:28][%mdl 32768] [#]  Loss on time!?} {Predecessor:} 6. Qd3 $146 {B50: Sicilian: 2...d6, Miscellaneous.} g6 7. Nd5 Bg7 8. c3 Nf6 9. Bg5 O-O 10. Be2 Bg4 11. Rd1 Re8 12. O-O {1-0 Vaibhav,S (2595)-Nguyen,T (2651) Chessable Masters Play In rapid 2023 (3)} 1-0